Map: 블루시프트 - 래더

Players

Trap - Winner!

  • Race: Protoss Protoss
  • League: Master
  • Spawn Location: 1:00

Zest

  • Race: Protoss Protoss
  • League: Master
  • Spawn Location: 7:00

Event: HomeStory Cup XVIII

VOD

Have the link to the VOD?

Description

Time

  • Played on: Nov. 24, 2018, 6:14 a.m.
  • Length: 6:33

All games in this series

Show
View Real Time Build Order
Export as new Build Order

Trap Protoss - Winner!

Build Orders:  

Get SALT Encoding   

  12  0:00  Probe  
  13  0:12  Probe  
  14  0:17  Pylon  
  14  0:24  Probe  
  15  0:32  Probe  
  15  0:37  Gateway  
  15  0:40  Probe  
  17  0:50  Probe  
  17  0:54  Assimilator  
  18  0:58  Probe, Assimilator  
  19  1:07  Gateway, Probe  
  20  1:17  Probe  
  20  1:24  Cybernetics Core  
  21  1:29  Probe  
  22  1:33  Pylon  
  22  1:41  Probe  
  22  1:42  Warp Gate  
  23  1:53  Probe  
  24  2:00  Sentry, Stalker  
  28  2:08  Pylon  
  28  2:10  Shield Battery  
  28  2:36  Stalker x2  
  32  2:49  Shield Battery  
  32  2:53  Probe  
  32  3:05  Probe  
  32  3:10  Shield Battery  
  33  3:21  Robotics Facility  
  33  3:26  Probe  
  32  3:31  Pylon  
  32  3:37  Shield Battery  
  32  3:43  Probe  
  32  3:45  Stalker x2  
  36  3:55  Probe  
  37  3:56  Nexus  
  37  4:07  Twilight Council  
  37  4:09  Warp Prism  
  37  4:10  Adept  
  37  4:11  Adept  
  37  4:12  Probe  
  44  4:26  Probe  
  45  4:33  Pylon  
  45  4:38  Probe  
  47  4:45  Observer  
  47  4:51  Probe  
  46  5:02  Stalker  
  46  5:03  Stalker  
  48  5:07  Immortal  
  48  5:13  Pylon  
  50  5:24  Shield Battery  
  50  5:33  Sentry x2  
  54  5:46  Immortal  
  58  5:59  Stalker x2  
  58  6:02  Probe x2  
  62  6:19  Probe x2  
  62  6:23  Stalker x2  
Show
View Real Time Build Order
Export as new Build Order

Zest Protoss 

Build Orders: Oracle Opening, Phoenix Opening 

Get SALT Encoding   

  12  0:00  Probe  
  13  0:13  Probe  
  14  0:17  Pylon  
  14  0:24  Probe  
  15  0:32  Probe  
  15  0:36  Gateway  
  15  0:40  Probe  
  16  0:46  Assimilator  
  17  0:51  Probe  
  17  0:54  Assimilator  
  18  1:03  Probe  
  19  1:06  Gateway  
  19  1:15  Probe  
  20  1:23  Cybernetics Core  
  20  1:27  Probe  
  21  1:33  Pylon  
  21  1:39  Probe  
  22  1:53  Adept  
  23  1:54  Adept  
  23  1:59  Stargate  
  22  2:05  Warp Gate  
  26  2:12  Pylon  
  26  2:15  Probe  
  27  2:32  Shield Battery  
  27  2:40  Oracle  
  26  2:49  Probe  
  30  3:01  Probe  
  29  3:11  Phoenix  
  29  3:14  Nexus  
  29  3:18  Probe  
  30  3:49  Probe  
  31  3:58  Shield Battery  
  28  4:03  Shield Battery  
  28  4:06  Robotics Facility  
  28  4:07  Stalker  
  30  4:16  Probe  
  31  4:23  Gateway  
  31  4:24  Gateway  
  31  4:28  Stalker  
  31  4:30  Probe  
  34  4:33  Stalker  
  36  4:43  Warp Prism  
  36  4:52  Stalker  
  35  5:04  Stalker  
  37  5:15  Pylon  
  37  5:16  Pylon  
  37  5:35  Sentry x4  
  43  5:38  Pylon  
  45  5:47  Pylon  
  41  6:22  Stalker x4  
Tags
 
Add a new tag
Caveats
  • Supply blocks, unpowered buildings, or Contaminate may cause inaccurate times.
  • Supply counts are checked every 10 seconds.